PAAA
SALT LAKE CITY BUZZ @ BAY CITY BOMBERS
07/24/2021
 
TOP OF THE 1ST
Salt Lake City Buzz batting - Pitching for Bay City Bombers : LHP Gordon Wiggins
Pitching: LHP Gordon Wiggins
Batting: RHB Roberto Ríos 0-0: Called Strike
0-1: Swinging Strike
0-2: Ground out 1-3 (Groundball, 15S)
Batting: RHB Ichiyo Fujii 0-0: Bunt for hit - play at first, batter OUT! 3-4
Batting: SHB Raymond Bright 0-0: Ball
1-0: Ball
2-0: Ball
3-0: Called Strike
3-1: Base on Balls
Batting: SHB Wayne Saunders 0-0: Foul Ball, location: 2F
0-1: Ball
1-1: Foul Ball, location: 2F
1-2: Strikes out swinging
Top of the 1st over - 0 run(s), 0 hit(s), 0 error(s), 1 left on base; Salt Lake City 0 - Bay City 0
BOTTOM OF THE 1ST
Bay City Bombers batting - Pitching for Salt Lake City Buzz : LHP Dalton García
Pitching: LHP Dalton García
Batting: RHB Albert Morales 0-0: Foul Ball, location: 2F
0-1: Ball
1-1: Ball
2-1: SINGLE (Line Drive, 34D)
Batting: RHB Gilberto Patino 0-0: Ball
1-0: Called Strike
1-1: Grounds into double play, U6-3 (Groundball, 6)
Batting: LHB Mito Rin 0-0: Ball
1-0: Ball
2-0: Ground out 3-1 (Groundball, 3)
Bottom of the 1st over - 0 run(s), 1 hit(s), 0 error(s), 0 left on base; Salt Lake City 0 - Bay City 0
TOP OF THE 2ND
Salt Lake City Buzz batting - Pitching for Bay City Bombers : LHP Gordon Wiggins
Batting: LHB Martín Núñes 0-0: SINGLE (Line Drive, 4MD)
Batting: SHB Shelby Reusch 0-0: Fly out, F7 (Popup, 6D)
Batting: RHB Larry Brown 0-0: Ball
1-0: Foul Ball, location: 2F
1-1: Called Strike
1-2: Strikes out swinging
Batting: LHB George Huffman 0-0: Fly out, F8 (Popup, 6MD)
Top of the 2nd over - 0 run(s), 1 hit(s), 0 error(s), 1 left on base; Salt Lake City 0 - Bay City 0
BOTTOM OF THE 2ND
Bay City Bombers batting - Pitching for Salt Lake City Buzz : LHP Dalton García
Batting: LHB Bastyão Lizardo 0-0: Ball
1-0: Called Strike
1-1: Ground out 1-3 (Groundball, 15)
Batting: RHB Luis Díaz 0-0: Called Strike
0-1: Fly out, F4 (Popup, 4D)
Batting: RHB Barry Martínez 0-0: Called Strike
0-1: Foul Ball, location: 2F
0-2: Ball
1-2: Ball
2-2: Strikes out looking
Bottom of the 2nd over - 0 run(s), 0 hit(s), 0 error(s), 0 left on base; Salt Lake City 0 - Bay City 0
TOP OF THE 3RD
Salt Lake City Buzz batting - Pitching for Bay City Bombers : LHP Gordon Wiggins
Batting: RHB Bernardo Cruz 0-0: Fly out, F8 (Flyball, 8RM)
Batting: RHB Roberto Ríos 0-0: Ball
1-0: Ball
2-0: Ball
3-0: Called Strike
3-1: Base on Balls
Batting: RHB Ichiyo Fujii 0-0: Called Strike
0-1: Foul Ball, location: 2F
0-2: Ball
1-2: Ball
2-2: Ball
3-2: Foul Ball, location: 2F
3-2: Base on Balls
Roberto Ríos to second
Batting: SHB Raymond Bright 0-0: Called Strike
0-1: DOUBLE (Line Drive, 8LM)
Roberto Ríos scores
Ichiyo Fujii to third
Batting: SHB Wayne Saunders 0-0: Ball
1-0: Fly out, F8 (Flyball, 8RS)
Batting: LHB Martín Núñes 0-0: Swinging Strike
0-1: Ball
1-1: Called Strike
1-2: Foul Ball, location: 2F
1-2: Ball
2-2: Ball
3-2: Foul Ball, location: 2F
3-2: SINGLE (Flyball, 7S)
Ichiyo Fujii scores
Raymond Bright to third
Raymond Bright scores
Batting: SHB Shelby Reusch 0-0: Called Strike
0-1: Swinging Strike
0-2: Ball
Martín Núñes is caught stealing 2nd base
Top of the 3rd over - 3 run(s), 2 hit(s), 0 error(s), 0 left on base; Salt Lake City 3 - Bay City 0
BOTTOM OF THE 3RD
Bay City Bombers batting - Pitching for Salt Lake City Buzz : LHP Dalton García
Batting: SHB Jim Unknown 0-0: Swinging Strike
0-1: Ball
1-1: SINGLE (Line Drive, 9S)
Batting: LHB Jim Unknown 0-0: Grounds into double play, 6-4-3 (Groundball, 6)
Batting: RHB Jim Unknown 0-0: Ball
1-0: Ball
2-0: Ball
3-0: Base on Balls
Batting: RHB Albert Morales 0-0: Ball
1-0: Ball
2-0: Swinging Strike
2-1: Swinging Strike
2-2: Strikes out swinging
Bottom of the 3rd over - 0 run(s), 1 hit(s), 0 error(s), 1 left on base; Salt Lake City 3 - Bay City 0
TOP OF THE 4TH
Salt Lake City Buzz batting - Pitching for Bay City Bombers : LHP Gordon Wiggins
Batting: SHB Shelby Reusch 0-0: Ball
1-0: Ground out 2-3 (Groundball, 23)
Batting: RHB Larry Brown 0-0: Foul Ball, location: 2F
0-1: Ground out 5-3 (Groundball, 5)
Batting: LHB George Huffman 0-0: Ball
1-0: Ball
2-0: Called Strike
2-1: SINGLE (Groundball, 4M)
Batting: RHB Bernardo Cruz 0-0: Fly out, F9 (Flyball, 89M)
Top of the 4th over - 0 run(s), 1 hit(s), 0 error(s), 1 left on base; Salt Lake City 3 - Bay City 0
BOTTOM OF THE 4TH
Bay City Bombers batting - Pitching for Salt Lake City Buzz : LHP Dalton García
Batting: RHB Gilberto Patino 0-0: Called Strike
0-1: Fly out, F9 (Flyball, 9M)
Batting: LHB Mito Rin 0-0: Called Strike
0-1: Foul Ball, location: 2F
0-2: Strikes out swinging
Batting: LHB Bastyão Lizardo 0-0: Ball
1-0: Fly out, F8 (Flyball, 8LM)
Bottom of the 4th over - 0 run(s), 0 hit(s), 0 error(s), 0 left on base; Salt Lake City 3 - Bay City 0
TOP OF THE 5TH
Salt Lake City Buzz batting - Pitching for Bay City Bombers : LHP Gordon Wiggins
Batting: RHB Roberto Ríos 0-0: Called Strike
0-1: Fly out, F4 (Line Drive, 4)
Batting: RHB Ichiyo Fujii 0-0: Ball
1-0: Swinging Strike
1-1: Swinging Strike
1-2: Foul Ball, location: 2F
1-2: Ball
2-2: Foul Ball, location: 2F
2-2: Fly out, F8 (Flyball, 8LD)
Batting: SHB Raymond Bright 0-0: Foul Ball, location: 2F
0-1: Ball
1-1: Ball
2-1: SINGLE (Line Drive, 6D)
Batting: SHB Wayne Saunders 0-0: Called Strike
0-1: Ball
1-1: Ball
2-1: Foul Ball, location: 2F
2-2: Foul Ball, location: 2F
2-2: Strikes out swinging
Top of the 5th over - 0 run(s), 1 hit(s), 0 error(s), 1 left on base; Salt Lake City 3 - Bay City 0
BOTTOM OF THE 5TH
Bay City Bombers batting - Pitching for Salt Lake City Buzz : LHP Dalton García
Batting: RHB Luis Díaz 0-0: Ball
1-0: Ball
2-0: Ball
3-0: Base on Balls
Batting: RHB Barry Martínez 0-0: Grounds into double play, 4-6-3 (Groundball, 4)
Batting: SHB Jim Unknown 0-0: Called Strike
0-1: Ball
1-1: SINGLE (Line Drive, 7S)
Batting: LHB Jim Unknown 0-0: Called Strike
0-1: Ball
1-1: Called Strike
1-2: Ball
2-2: Fly out, F7 (Flyball, 78M)
Bottom of the 5th over - 0 run(s), 1 hit(s), 0 error(s), 1 left on base; Salt Lake City 3 - Bay City 0
TOP OF THE 6TH
Salt Lake City Buzz batting - Pitching for Bay City Bombers : LHP Gordon Wiggins
Batting: LHB Martín Núñes 0-0: Ball
1-0: SINGLE (Line Drive, 4)
Batting: SHB Shelby Reusch 0-0: Bunt missed!
0-1: Sac Bunt - play at first, batter safe!
Martín Núñes to second
Batting: RHB Larry Brown 0-0: Bunted foul
0-1: Sac Bunt - play at first, batter OUT! 1-4
Martín Núñes to third
Shelby Reusch to second
Batting: LHB George Huffman 0-0: Swinging Strike
0-1: Foul Ball, location: 2F
0-2: SINGLE (Groundball, 34D)
Martín Núñes scores
Shelby Reusch to third
Batting: RHB Bernardo Cruz 0-0: Ball
1-0: Fielders Choice at 2nd, 6-4 (Groundball, 6)
Shelby Reusch scores
Pitching: RHP Wallace Elgie
Batting: RHB Roberto Ríos 0-0: Ball
1-0: Ball
2-0: Called Strike
2-1: Ball
3-1: Base on Balls
Bernardo Cruz to second
Batting: RHB Ichiyo Fujii 0-0: Called Strike
0-1: Fly out, F8 (Flyball, 8LXD)
Top of the 6th over - 2 run(s), 3 hit(s), 0 error(s), 2 left on base; Salt Lake City 5 - Bay City 0
BOTTOM OF THE 6TH
Bay City Bombers batting - Pitching for Salt Lake City Buzz : LHP Dalton García
Batting: RHB Jim Unknown 0-0: Ball
1-0: Called Strike
1-1: Foul Ball, location: 2F
1-2: Strikes out looking
Batting: RHB Albert Morales 0-0: Ground out 6-3 (Groundball, 6)
Batting: RHB Gilberto Patino 0-0: Ball
1-0: Ball
2-0: Ball
3-0: Called Strike
3-1: Base on Balls
Batting: LHB Mito Rin 0-0: Foul Ball, location: 2F
0-1: Ball
1-1: Swinging Strike
1-2: Strikes out swinging
Bottom of the 6th over - 0 run(s), 0 hit(s), 0 error(s), 1 left on base; Salt Lake City 5 - Bay City 0
TOP OF THE 7TH
Salt Lake City Buzz batting - Pitching for Bay City Bombers : RHP Wallace Elgie
Batting: SHB Raymond Bright 0-0: Called Strike
0-1: Ball
1-1: Ball
2-1: Fly out, F8 (Flyball, 78M)
Batting: SHB Wayne Saunders 0-0: Ball
1-0: Called Strike
1-1: Ball
2-1: Foul Ball, location: 2F
2-2: Ball
3-2: Base on Balls
Batting: LHB Martín Núñes 0-0: Foul Ball, location: 2F
0-1: Fielders Choice at 2nd, 6-4 (Groundball, 6)
Batting: SHB Shelby Reusch 0-0: Called Strike
0-1: Foul Ball, location: 2F
0-2: Ball
Martín Núñes steals 2nd base
1-2: Ball
2-2: Strikes out swinging
Top of the 7th over - 0 run(s), 0 hit(s), 0 error(s), 1 left on base; Salt Lake City 5 - Bay City 0
BOTTOM OF THE 7TH
Bay City Bombers batting - Pitching for Salt Lake City Buzz : LHP Dalton García
Batting: LHB Bastyão Lizardo 0-0: Ball
1-0: Ball
2-0: Called Strike
2-1: Ball
3-1: Foul Ball, location: 2F
3-2: Foul Ball, location: 2F
3-2: Ground out U3 (Groundball, 3)
Batting: RHB Luis Díaz 0-0: Called Strike
0-1: Called Strike
0-2: Ball
1-2: Ball
2-2: Foul Ball, location: 2F
2-2: Ball
3-2: Ground out 6-3 (Groundball, 6)
Batting: RHB Barry Martínez 0-0: Ball
1-0: SINGLE (Line Drive, 7S)
Batting: SHB Jim Unknown 0-0: Called Strike
0-1: Foul Ball, location: 2F
0-2: Strikes out looking
Bottom of the 7th over - 0 run(s), 1 hit(s), 0 error(s), 1 left on base; Salt Lake City 5 - Bay City 0
TOP OF THE 8TH
Salt Lake City Buzz batting - Pitching for Bay City Bombers : RHP Wallace Elgie
Batting: RHB Larry Brown 0-0: Ball
1-0: Foul Ball, location: 2F
1-1: Ball
2-1: Swinging Strike
2-2: Ball
3-2: Base on Balls
Batting: LHB George Huffman 0-0: Ball
Passed Ball!
Larry Brown to second
1-0: Fly out, F8 (Flyball, 78M)
Batting: RHB Bernardo Cruz 0-0: Ball
1-0: Foul Ball, location: 2F
1-1: Ball
2-1: Reached on error, E6 (Groundball, 6)
Larry Brown to third
Batting: RHB Roberto Ríos 0-0: Called Strike
0-1: Ball
1-1: Called Strike
1-2: Grounds into double play, 6-4-3 (Groundball, 6)
Top of the 8th over - 0 run(s), 0 hit(s), 1 error(s), 1 left on base; Salt Lake City 5 - Bay City 0
BOTTOM OF THE 8TH
Bay City Bombers batting - Pitching for Salt Lake City Buzz : LHP Dalton García
Now at C: Archie Green
Batting: LHB Jim Unknown 0-0: Bunt missed!
0-1: Ball
1-1: Swinging Strike
1-2: Hit by Pitch
Batting: RHB Jim Unknown 0-0: Called Strike
0-1: Foul Ball, location: 2F
0-2: Ball
1-2: Ball
2-2: Ball
3-2: SINGLE (Groundball, 56D)
Jim Unknown to second
Batting: RHB Albert Morales 0-0: Fly out, F9 (Line Drive, 89M)
Now in RF: Don MacNeilage
Batting: RHB Gilberto Patino 0-0: Ball
1-0: SINGLE (Line Drive, 6MD)
Jim Unknown to third
Jim Unknown to second
Runner from 3rd tries for Home, SAFE, no throw or cutoff
Batting: LHB Mito Rin Balk!
Jim Unknown to third
Gilberto Patino to second
0-0: Called Strike
0-1: SINGLE (Groundball, 34D)
Jim Unknown scores
Gilberto Patino to third
Batting: LHB Bastyão Lizardo 0-0: Fly out, F8 (Line Drive, 8RM)
Runner from 3rd tags up, SCORES, throw made
Batting: RHB Luis Díaz 0-0: Called Strike
0-1: Swinging Strike
0-2: Ball
1-2: Strikes out swinging
Bottom of the 8th over - 3 run(s), 3 hit(s), 0 error(s), 1 left on base; Salt Lake City 5 - Bay City 3
TOP OF THE 9TH
Salt Lake City Buzz batting - Pitching for Bay City Bombers : RHP Wallace Elgie
Batting: RHB Don MacNeilage 0-0: Called Strike
0-1: Ground out 6-3 (Groundball, 6M)
Batting: SHB Raymond Bright 0-0: Ball
1-0: Ball
2-0: Called Strike
2-1: Called Strike
2-2: Foul Ball, location: 2F
2-2: Fly out, F9 (Line Drive, 9M)
Batting: SHB Wayne Saunders 0-0: Ball
1-0: SINGLE (Groundball, 34D)
Batting: LHB Martín Núñes 0-0: Fly out, F6 (Popup, 5D)
Top of the 9th over - 0 run(s), 1 hit(s), 0 error(s), 1 left on base; Salt Lake City 5 - Bay City 3
BOTTOM OF THE 9TH
Bay City Bombers batting - Pitching for Salt Lake City Buzz : LHP Dalton García
Pitching: RHP Emílio Zaragoza
Batting: RHB Barry Martínez 0-0: Ball
1-0: Ground out 4-3 (Groundball, 4)
Batting: SHB Jim Unknown 0-0: Ball
1-0: Foul Ball, location: 2F
1-1: Called Strike
1-2: Ball
2-2: Ball
3-2: Fly out, F6 (Popup, 6MD)
Batting: LHB Jim Unknown 0-0: Foul Ball, location: 2F
0-1: Ball
1-1: Foul Ball, location: 2F
1-2: Foul Ball, location: 2F
1-2: Strikes out looking
Bottom of the 9th over - 0 run(s), 0 hit(s), 0 error(s), 0 left on base; Salt Lake City 5 - Bay City 3
This league is powered by Out of the Park Baseball, the baseball management simulation game for PC, Mac and Linux
Friday, January 22nd, 2016 - OOTP Baseball 16.9 Build 39